 Dungeon Sprint DCSS version 0.27-a0-797-g27d10ad80f (webtiles) character file.

Game seed: 17540576254327620473

870 fozzywoppz the Black Belt (level 7, -1/59 HPs)
             Began as a White Draconian Monk on Mar 27, 2021.
             Was a Priest of Makhleb.
             Slain by a four-headed hydra (10 damage)
             ... in the Dungeon (Sprint IX: "|||||||||||||||||||||||||||||").
             The game lasted 00:03:33 (785 turns).

fozzywoppz the Black Belt (White Draconian Monk)     Turns: 785, Time: 00:03:33

Health: -1/59      AC:  8    Str: 13    XL:     7   Next: 73%
Magic:  7/7        EV: 15    Int: 14    God:    Makhleb [***...]
Gold:   0          SH:  0    Dex: 15    Spells: 6/6 levels left

rFire    . . .     SeeInvis .     - Unarmed
rCold    + . .     Faith    .   (no shield)
rNeg     . . .     Spirit   .   (armour unavailable)
rPois    .         Reflect  .   (helmet restricted)
rElec    .         Harm     .   m - +0 cloak
rCorr    .         Rampage  .   (no gloves)
Will     .....     NoTele   +   l - +0 pair of boots
Stlth    ++........             (no amulet)
HPRegen  0.19/turn              k - +3 ring of intelligence
MPRegen  0.10/turn              j - +2 ring of evasion

@: no status effects
A: breathe frost, AC +6, unfitting armour, cold resistance 1, cold-blooded
a: Breathe Frost, Renounce Religion, Minor Destruction, Lesser Servant of
Makhleb


You were in the Dungeon.
You worshipped Makhleb.
Makhleb was most pleased with you.
You visited 1 branch

Inventory:

Hand Weapons
 g - a +0 whip
 n - a +2 scimitar of flaming
Armour
 l - a +0 pair of boots (worn)
 m - a +0 cloak (worn)
Jewellery
 j - a +2 ring of evasion (right hand)
 k - a +3 ring of intelligence (left hand)
Wands
 i - a wand of acid (10)
Scrolls
 f - a scroll of blinking
 h - 2 scrolls of amnesia
Potions
 a - 4 potions of curing
 b - a potion of heal wounds
 d - 4 potions of magic
 e - a potion of invisibility


   Skills:
 - Level 4.0 Fighting
 - Level 4.0 Dodging
 - Level 2.0 Stealth
 + Level 15.8 Unarmed Combat


You had 6 spell levels left.
You didn't know any spells.
Your spell library was empty.

Dungeon Overview and Level Annotations

Branches:
Dungeon (1/1)

Altars:
Cheibriados
Dithmenos
Elyvilon
Fedhas
Gozag
Hepliaklqana
Kikubaaqudgha
Makhleb
Nemelex Xobeh
Okawaru
Qazlal
Ru
Sif Muna
Trog
Uskayaw
Vehumet
Wu Jian
Xom
Yredelemnul
Zin
The Shining One
Beogh
Jiyva
Lugonu


Innate Abilities, Weirdness & Mutations

You can breathe waves of freezing cold.
You can buffet flying creatures when you breathe cold.
Your icy white scales are hard. (AC +6)
You cannot fit into any form of body armour.
Your flesh is cold resistant. (rC+)
You are cold-blooded and may be slowed by cold attacks.


Message History

The four-headed hydra barely misses you.
The four-headed hydra closely misses you.
The four-headed hydra bites you!
You punch the four-headed hydra!
The four-headed hydra is moderately wounded.
The four-headed hydra barely misses you.
The four-headed hydra bites you but does no damage. x2
The four-headed hydra bites you.
You barely miss the four-headed hydra.
The four-headed hydra is moderately wounded.
You barely miss the four-headed hydra.
The four-headed hydra is moderately wounded.
The four-headed hydra bites you.
The four-headed hydra closely misses you.
The four-headed hydra bites you but does no damage.
The four-headed hydra barely misses you.
You punch the four-headed hydra!
The four-headed hydra is heavily wounded.
The four-headed hydra misses you. The four-headed hydra bites you!
The four-headed hydra misses you.
The four-headed hydra closely misses you.
You hit the four-headed hydra. You punch the four-headed hydra.
The four-headed hydra is severely wounded.
You pummel the four-headed hydra!!
The four-headed hydra is almost dead.
The four-headed hydra misses you.
The four-headed hydra barely misses you.
The four-headed hydra bites you! x2
* * * LOW HITPOINT WARNING * * *
You hit the four-headed hydra.
The four-headed hydra is almost dead.
The four-headed hydra bites you.
* * * LOW HITPOINT WARNING * * *
The four-headed hydra closely misses you. x2
The four-headed hydra barely misses you.
Unknown command.
You feel better.
The four-headed hydra bites you but does no damage.
The four-headed hydra misses you. The four-headed hydra bites you!
You die... ▓▓▓▓▓▓▓▓▓▓▓▓▓▓▓▓▓▓▓▓▓▓▓▓▓▓▓▓▓▓▓▓▓ §....o.'..[...)D@'_______________ ▓▓▓▓▓▓▓▓▓▓▓▓▓▓▓▓▓▓▓▓▓▓▓▓▓▓▓▓▓▓▓▓▓

You could see a four-headed hydra.

Vanquished Creatures
  A slime creature (D)
  3 yaks (D)
  An ogre (D)
  A howler monkey (D)
  A hound (D)
  An iguana (D)
  2 orc wizards (D)
  An adder (D)
  An adder zombie (D)
  2 bats (D)
  A kobold (D)
  A ball python zombie (D)
  2 frilled lizards (D)
18 creatures vanquished.

Notes
Turn   | Place    | Note
-------+----------+-------------------------------------------
     0 | D        | fozzywoppz the Draconian Monk began the quest for the Orb.
     0 | D        | Reached XP level 1. HP: 19/19 MP: 1/1
    58 | D        | Noticed an iguana
    58 | D        | Noticed an orc wizard
    58 | D        | Noticed an ogre
    58 | D        | Noticed a hound
    66 | D        | Killed a hound
    67 | D        | Reached skill level 5 in Unarmed Combat
    67 | D        | Reached XP level 2. HP: 15/27 MP: 2/2
    67 | D        | Reached XP level 3. HP: 18/33 MP: 3/3
    70 | D        | Killed an ogre
    71 | D        | Reached skill level 9 in Unarmed Combat
    71 | D        | Reached XP level 4. HP: 23/40 MP: 4/4
    75 | D        | Reached XP level 5. HP: 27/46 MP: 5/5
    79 | D        | Reached skill level 10 in Unarmed Combat
   299 | D        | Found a snail-covered altar of Cheibriados.
   299 | D        | Found a shadowy altar of Dithmenos.
   299 | D        | Found a white marble altar of Elyvilon.
   299 | D        | Found a blossoming altar of Fedhas.
   299 | D        | Found an opulent altar of Gozag.
   300 | D        | Found a hazy altar of Hepliaklqana.
   301 | D        | Found a viscous altar of Jiyva.
   302 | D        | Found an ancient bone altar of Kikubaaqudgha.
   303 | D        | Found a corrupted altar of Lugonu.
   306 | D        | Found a burning altar of Makhleb.
   307 | D        | Found a sparkling altar of Nemelex Xobeh.
   308 | D        | Found an iron altar of Okawaru.
   309 | D        | Found a stormy altar of Qazlal.
   310 | D        | Found a sacrificial altar of Ru.
   311 | D        | Found a shimmering blue altar of Sif Muna.
   312 | D        | Found a bloodstained altar of Trog.
   313 | D        | Found a hide-covered altar of Uskayaw.
   314 | D        | Found a radiant altar of Vehumet.
   315 | D        | Found an ornate altar of the Wu Jian Council.
   316 | D        | Found a shimmering altar of Xom.
   317 | D        | Found a basalt altar of Yredelemnul.
   318 | D        | Found a glowing silver altar of Zin.
   319 | D        | Found a glowing golden altar of the Shining One.
   350 | D        | Became a worshipper of Makhleb the Destroyer
   350 | D        | Reached * piety under Makhleb
   350 | D        | Reached ** piety under Makhleb
   415 | D        | Noticed a yak
   415 | D        | Noticed a yak
   415 | D        | Noticed a yak
   421 | D        | Killed a yak
   422 | D        | Reached skill level 12 in Unarmed Combat
   422 | D        | Reached XP level 6. HP: 52/52 MP: 6/6
   425 | D        | Killed a yak
   426 | D        | Reached skill level 13 in Unarmed Combat
   431 | D        | Killed a yak
   432 | D        | Reached skill level 14 in Unarmed Combat
   432 | D        | Your scales start taking on an icy white colour.
   432 | D        | Reached XP level 7. HP: 52/59 MP: 7/7
   432 | D        | Gained mutation: Your flesh is cold resistant. (rC+) [White
                  | Draconian growth]
   434 | D        | Reached *** piety under Makhleb
   447 | D        | Noticed a cyan ugly thing
   447 | D        | Noticed a centaur warrior
   447 | D        | Noticed a four-headed hydra
   447 | D        | Noticed a slime creature
   461 | D        | Killed a slime creature
   462 | D        | Reached skill level 15 in Unarmed Combat
   784 | D        | HP: 1/59 [four-headed hydra (6)]
   785 | D        | Slain by a four-headed hydra

Illustrated notes

Levels and vault maps discovered:
D:        linesprint [early_d, line_temple, items_1, d_10, items_2, lair_1,
          lair_end, items_3, orc_1, orc_end, items_4, d_15, swamp_1, shoals_1,
          snake_1, spider_1, d_20, vaults_1, items_5, swamp_end, shoals_end,
          snake_end, spider_end, vaults_end, d_27, items_6, zot_1, zot_end,
          crypt_end, forest_end, elf_end, slime_end, tomb_end, abyss_end,
          pan_hell_end]

Skill      XL: |  1  2  3  4  5  6  7 |
---------------+----------------------+-----
Stealth        | 2 |  2.0
Dodging        | 4 |  4.0
Fighting       | 4 |  4.0
Unarmed Combat | 5 9 12 14 15 | 15.8

Action                   |  1- 3 |  4- 6 |  7- 9 || total
-------------------------+-------+-------+-------++-------
Melee: Unarmed           |    27 |    20 |    48 ||    95
       Tailslap          |     3 |     1 |     9 ||    13
       Punch             |       |     2 |     4 ||     6
Invok: Lesser Servant of |       |       |     1 ||     1
 Abil: Breathe Frost     |       |       |     2 ||     2
  Use: Potion            |     1 |     1 |     3 ||     5
       Scroll            |       |       |     1 ||     1
Armor: Skin              |     6 |     3 |    14 ||    23
Dodge: Dodged            |    16 |     3 |    28 ||    47

Table legend: (Time is in decaauts)
 A = Elapsed time spent in this place.
 B = Non-inter-level travel time spent in this place.
 C = Inter-level travel time spent in this place.
 D = Time resting spent in this place.
 E = Time spent auto-exploring this place.
 F = Levels seen in this place.
 G = Mean time per level.
                   A        B        C        D        E       F      G
               +--------+--------+--------+--------+--------+-----+--------+
         Total |    753 |    753 |      0 |    485 |     31 |   1 |  753.0 |
       Dungeon |    753 |    753 |      0 |    485 |     31 |   1 |  753.0 |
               +--------+--------+--------+--------+--------+-----+--------+

Top non-repeatable levels by time:
       D: 753 daAuts
